 Dungeon Crawl Stone Soup version 0.28-a0-580-ga2639ab843 (webtiles) character file.

Game seed: 4623715795148886525

530 heikuro the Covered (level 7, -3/61 HPs)
             Began as a Minotaur Fighter on Oct 2, 2021.
             Was a Follower of Makhleb.
             Slain by an ogre (12 damage)
             ... on level 4 of the Dungeon.
             The game lasted 00:07:36 (4101 turns).

heikuro the Covered (Minotaur Fighter)              Turns: 4101, Time: 00:07:37

Health: -3/61      AC:  8    Str: 23    XL:     7   Next: 3%
Magic:  0/8        EV:  8    Int: 11    God:    Makhleb [*.....]
Gold:   175        SH: 10    Dex:  9    Spells: 6/6 levels left

rFire   . . .      SeeInvis .   a - +0 war axe
rCold   . . .      Faith    .   o - +2 kite shield
rNeg    . . .      Spirit   +   b - +0 scale mail
rPois   .          Reflect  .   (helmet restricted)
rElec   .          Harm     .   (no cloak)
rCorr   .          Rampage  .   k - +0 pair of gloves
Will    .....                   (no boots)
Stlth   ..........              d - amulet of guardian spirit
HPRegen 0.20/turn               h - +6 ring of intelligence
MPRegen 0.11/turn               (no ring)

@: studying Ice Magic
A: horns 2, retaliatory headbutt
a: Renounce Religion


You were on level 4 of the Dungeon.
You worshipped Makhleb.
Makhleb was aware of your devotion.
You visited 1 branch of the dungeon, and saw 4 of its levels.

You collected 175 gold pieces.

Inventory:

Hand Weapons
 a - a +0 war axe (weapon)
Missiles
 e - a throwing net
 i - 2 boomerangs of dispersal (quivered)
 s - 7 poisoned darts
Armour
 b - a +0 scale mail (worn)
 k - a +0 pair of gloves (worn)
 o - a +2 kite shield (worn)
Jewellery
 d - an amulet of guardian spirit (around neck)
 g - an amulet of magic regeneration
 h - a +6 ring of intelligence (left hand)
 m - a ring of ice
Wands
 c - a wand of paralysis (11)
Scrolls
 f - a scroll of teleportation
 j - a scroll of holy word {unknown}
 n - a scroll of fear {unknown}
 p - a scroll of identify {unknown}
 q - a scroll of vulnerability {unknown}
 r - a scroll of magic mapping {unknown}
Potions
 l - a potion of curing {unknown}
 t - a potion of degeneration {unknown}
 u - a potion of flight {unknown}


   Skills:
 + Level 5.4 Fighting
 * Level 4.8 Axes
 + Level 5.5 Armour
 + Level 5.1 Shields
 + Level 2.8 Invocations


You had 6 spell levels left.
You didn't know any spells.
Your spell library contained the following spells:

 Spells                   Type           Power      Damage    Failure   Level
 Freeze                   Ice            0%         1d3       97%         1
 Ensorcelled Hibernation  Hex/Ice        0%         N/A       99%         2
 Static Discharge         Conj/Air       0%         N/A       99%         2
 Frozen Ramparts          Ice            0%         1d2       100%        3
 Tukima's Dance           Hex            0%         N/A       100%        3
 Hailstorm                Conj/Ice       0%         3d3       100%        4
 Lightning Bolt           Conj/Air       0%         1d11      100%        5
 Conjure Ball Lightning   Conj/Air       0%         3x3d6     100%        6
 Discord                  Hex            0%         N/A       100%        8
 Disjunction              Tloc           0%         N/A       100%        8
 Maxwell's Capacitive Co  Air            0%         ∞         100%        8


Dungeon Overview and Level Annotations

Branches:
Dungeon (4/15)
 Temple: D:4-7

Altars:
Makhleb
Sif Muna


Innate Abilities, Weirdness & Mutations

You have a pair of horns on your head.
You reflexively headbutt those who attack you in melee.


Message History

You throw a boomerang of dispersal.
The boomerang of dispersal hits the ogre.
The ogre blinks!
Found a stone staircase leading down.
Throw: 3 boomerangs (disperse)
Press: ? - help, Q - select action, (/) - cycle Shift-Dir - straight line, f/p - ogre
Aim: an ogre, wielding a +0 giant spiked club (lightly wounded, 72% to hit)
You throw a boomerang of dispersal. The hobgoblin shouts!
The boomerang of dispersal hits the ogre but does no damage.
The ogre is lightly wounded.
You barely miss the ogre. Your headbutt misses the ogre.
The ogre is lightly wounded.
The ogre closely misses you.
You slash the ogre! You headbutt the ogre!
The ogre is almost dead.
The ogre hits you with a +0 giant spiked club!
Your shield prevents you from hitting the ogre.
The ogre is almost dead.
The ogre hits you with a +0 giant spiked club!
You block the hobgoblin's attack.
You barely miss the ogre.
The ogre is almost dead.
You slash the hobgoblin!
You kill the hobgoblin!
Makhleb accepts your kill.
The ogre hits you with a +0 giant spiked club!!
Unknown command.
You closely miss the ogre.
The ogre is almost dead.
The ogre hits you with a +0 giant spiked club!!
* * * LOW HITPOINT WARNING * * *
Unknown command.
Unknown command.
You hit the ogre.
The ogre is almost dead.
You block the ogre's attack.
An endoplasm comes into view.
The ogre hits you with a +0 giant spiked club!
You die...

####.#............#.........
#####.##.....#.....'.........
#.....#....#.#)#####.........
#.##.....>...#.# #.........
#.##.##.######.# #.........
#.##.##......#.# #.........
#....#######.#.# #.########
############.#.# #.#
....>..@#.# ### ######O)#.#
#...#.# .......# #....####
#...J #.#.. #.###


You could see an ogre and an endoplasm (wandering).

Vanquished Creatures
  An ogre (D:4)
  A kobold brigand (D:4)
  A bullfrog (D:4)
  A scorpion (D:3)
  An orc priest (D:3)
  2 hounds (D:4)
  A gnoll (D:4)
  7 adders
  2 dart slugs
  6 orcs
  7 ball pythons
  2 bats
  9 endoplasms
  5 giant cockroaches
  11 goblins
  13 hobgoblins
  5 quokkas
  A frilled lizard (D:1)
  7 kobolds
  A rat (D:1)
84 creatures vanquished.

Notes
Turn   | Place    | Note
-------+----------+-------------------------------------------
     0 | D:1      | heikuro the Minotaur Fighter began the quest for the Orb.
     0 | D:1      | Reached XP level 1. HP: 19/19 MP: 0/0
   122 | D:1      | Found a faded altar of an unknown god.
   326 | D:1      | Reached XP level 2. HP: 27/27 MP: 1/1
   811 | D:2      | Reached XP level 3. HP: 6/33 MP: 2/2
  1244 | D:2      | Found a burning altar of Makhleb.
  1249 | D:2      | Became a worshipper of Makhleb the Destroyer
  1852 | D:3      | Reached XP level 4. HP: 40/40 MP: 3/3
  1952 | D:3      | Reached skill level 1 in Invocations
  2041 | D:3      | HP: 2/41 [orc priest (2)]
  2457 | D:3      | Reached XP level 5. HP: 32/47 MP: 5/5
  2668 | D:3      | Reached * piety under Makhleb
  2878 | D:4      | Found a shimmering blue altar of Sif Muna.
  2890 | D:4      | Noticed an ogre
  3036 | D:3      | Reached skill level 5 in Armour
  3036 | D:3      | Reached XP level 6. HP: 29/55 MP: 4/6
  3303 | D:4      | Reached skill level 5 in Fighting
  3382 | D:4      | Reached skill level 5 in Shields
  3825 | D:4      | Reached XP level 7. HP: 58/61 MP: 6/8
  4101 | D:4      | Slain by an ogre

Illustrated notes

Levels and vault maps discovered:
D:1:      heliophobic_arrival_ceremonial_halls, layout_basic,
          ebering_ecumenical_altar_hall
D:2:      layout_loops_cross, basic_altar, corexii_hall_statues_l
D:3:      layout_basic
D:4:      minmay_evil_eye, layout_basic, nicolae_sif_muna_condensation,
          minmay_manual_macuahuitl

Skill      XL: |  1  2  3  4  5  6 |
---------------+-------------------+-----
Fighting       | 4 5 |  5.4
Armour         | 4 5 |  5.5
Axes           | 3 4 |  4.8
Shields        | 4 5 |  5.1
Invocations    | 1 2 |  2.8

Action                   |  1- 3 |  4- 6 |  7- 9 || total
-------------------------+-------+-------+-------++-------
Melee: War axe           |    56 |   123 |    12 ||   191
       Headbutt          |     9 |    19 |     1 ||    29
Throw: Boomerang         |     1 |       |     3 ||     4
  Use: Potion            |       |     1 |       ||     1
       Scroll            |       |     1 |       ||     1
Armor: Scale mail        |    40 |    59 |     1 ||   100
Dodge: Dodged            |    36 |    40 |     4 ||    80
Block: Buckler           |    13 |     2 |       ||    15
       Kite shield       |       |    76 |     4 ||    80

Table legend: (Time is in decaauts)
 A = Elapsed time spent in this place.
 B = Non-inter-level travel time spent in this place.
 C = Inter-level travel time spent in this place.
 D = Time resting spent in this place.
 E = Time spent auto-exploring this place.
 F = Levels seen in this place.
 G = Mean time per level.
                   A        B        C        D        E       F      G
               +--------+--------+--------+--------+--------+-----+--------+
         Total |   4193 |   4046 |    147 |    967 |   2111 |   4 | 1048.2 |
       Dungeon |   4193 |   4046 |    147 |    967 |   2111 |   4 | 1048.2 |
               +--------+--------+--------+--------+--------+-----+--------+

Top non-repeatable levels by time:
     D:2: 1245 daAuts
     D:3: 1174 daAuts
     D:4: 1004 daAuts
     D:1: 769 daAuts
